 Dungeon Crawl Stone Soup version 0.21.0-3-g78d12a8bdd (webtiles) character file.

105 GuyWithAPlan the Ruffian (level 4, -1/38 (40) HPs)
             Began as a Ghoul Monk on Jan 13, 2018.
             Slain by a phantom (3 damage)
             ... on level 2 of the Dungeon.
             The game lasted 00:02:33 (1046 turns).

GuyWithAPlan the Ruffian (Ghoul Monk)               Turns: 1046, Time: 00:02:33

HP:   -1/38 (40)    AC:  4    Str: 12 (15) XL:     4   Next: 83%
MP:   3/3           EV: 13    Int:  2 (5)  God:
Gold: 87            SH:  0    Dex: 10 (11) Spells: 3/3 levels left

rFire    + . .     SeeInvis .     - Unarmed
rCold    + . .     Gourm    .   (no shield)
rNeg     + + +     Faith    .   o - +2 robe {rF+}
rPois    ∞         Spirit   .   (no helmet)
rElec    .         Reflect  .   (no cloak)
rCorr    .         Harm     +   (no gloves)
MR       .....                  (no boots)
Stlth    ++........             e - amulet of harm
HPRegen  0.00/turn              l - ring of wizardry
MPRegen  0.08/turn              (no ring)

@: rotting
A: rotting body, claws 1, carnivore, cold resistance 1, negative energy
resistance 3, inhibited regeneration, torment resistance, unbreathing
a: no special abilities


You were on level 2 of the Dungeon.
You were not hungry.

You visited 1 branch of the dungeon, and saw 3 of its levels.

You collected 87 gold pieces.

Inventory:

Hand Weapons
 n - a +4 whip
Armour
 a - a +0 robe
 h - a +0 ring mail
 o - a +2 robe of fire resistance (worn)
Jewellery
 e - an amulet of harm (around neck)
 l - a ring of wizardry (left claw)
Scrolls
 c - a scroll of teleportation {unknown}
 d - a scroll of blinking {unknown}
 g - 2 scrolls of identify {unknown}
 i - a scroll of enchant weapon {unknown}
 p - a scroll of remove curse {unknown}
Potions
 f - a potion of ambrosia {unknown}
 j - a potion of degeneration
Comestibles
 b - 3 rations


   Skills:
 + Level 4.0 Fighting
 + Level 0.6 Armour
 + Level 3.4 Dodging
 + Level 2.5 Stealth
 + Level 4.4 Unarmed Combat


You had 3 spell levels left.
You didn't know any spells.

Dungeon Overview and Level Annotations

Branches:
Dungeon (3/15)

Altars:


Innate Abilities, Weirdness & Mutations

Your body is rotting away.
You thrive on raw meat.
You are immune to poison.
You have sharp fingernails.
You are carnivorous and can eat meat at any time.
Your flesh is cold resistant. (rC+)
You are immune to negative energy. (rN+++)
You do not regenerate when monsters are visible.
You are immune to unholy pain and torment.
You can survive without breathing.


Message History

* * * LOW HITPOINT WARNING * * *
You closely miss the kobold. The kobold hits you.
* * * LOW HITPOINT WARNING * * *
A worm comes into view.
You scratch the kobold.
The kobold is moderately wounded.
The kobold hits you.
* * * LOW HITPOINT WARNING * * *
A rat comes into view.
There is a stone staircase leading up here.
The kobold barely misses you.
You climb upwards.
There is a stone staircase leading down here.
It was a potion of degeneration.
There was something very wrong with that liquid.
You feel weakened.
You feel dopey.
You feel clumsy. The kobold closely misses you.
It was a potion of lignification.
You feel woody for a moment. The kobold barely misses you.
The phantom hits you.
You die...

#.##.####
#.#
..##.###
#.#
)........
#W#
#.###....
#.#
.........
#.#
#..##).
#.####
##.#
#..).# #
.# ####W#
. .. #@#
. ... #K#
.# #. #.#
.# #.#
..# ###


You could see a phantom and a kobold.

Vanquished Creatures
  A crimson imp (D:2)
  Jessica (D:2)
  2 adders (D:2)
  A dart slug (D:1)
  A leopard gecko (D:1)
  2 bats
  2 giant cockroaches (D:1)
  5 goblins
  3 hobgoblins (D:2)
  2 frilled lizards (D:2)
  2 kobolds
  3 rats
25 creatures vanquished.

Notes
Turn   | Place    | Note
-------+----------+-------------------------------------------
     0 | D:1      | GuyWithAPlan the Ghoul Monk began the quest for the Orb.
     0 | D:1      | Reached XP level 1. HP: 19/19 MP: 0/0
   317 | D:1      | Reached XP level 2. HP: 26/26 MP: 1/1
   643 | D:2      | Noticed Jessica
   643 | D:2      | Noticed a crimson imp
   656 | D:2      | Killed Jessica
   656 | D:2      | Reached XP level 3. HP: 30/33 MP: 2/2
   661 | D:2      | Reached XP level 4. HP: 31/40 MP: 3/3
  1012 | D:2      | Noticed a phantom
  1046 | D:2      | Slain by a phantom

Skill      XL: |  1  2  3  4 |
---------------+-------------+-----
Dodging        | 3 |  3.4
Unarmed Combat | 4 |  4.4
Fighting       | 4 |  4.0
Armour         | |  0.6
Stealth        | |  2.5

Action                   |  1- 3 |  4- 6 || total
-------------------------+-------+-------++-------
Melee: Unarmed           |    57 |    24 ||    81
       Whip              |       |    32 ||    32
  Use: Potion            |       |     2 ||     2
 Stab: Sleeping          |     1 |     2 ||     3
  Eat: Chunk             |     7 |     3 ||    10
Armor: Robe              |    10 |     5 ||    15
       Ring mail         |     7 |    10 ||    17
Dodge: Dodged            |    40 |    36 ||    76
